 Dungeon Crawl Stone Soup version 0.27-a0-1232-gc6a4cbde82 (webtiles) character file.

Game seed: 8373347253029714690

514 HoaS the Ruffian (level 7, -4/55 (62) HPs)
             Began as a Troll Hunter on June 8, 2021.
             Slain by a wight
             ... wielding a +5 halberd
              (8 damage)
             ... on level 3 of the Dungeon.
             The game lasted 00:07:03 (2320 turns).

HoaS the Ruffian (Troll Hunter)                     Turns: 2320, Time: 00:07:04

HP:   -4/55 (62)    AC:  7    Str: 21    XL:     7   Next: 0%
MP:   6/6           EV:  9    Int: 13    God:
Gold: 194           SH:  0    Dex: 12    Spells: 6/6 levels left

rFire    . . .     SeeInvis .     - Unarmed
rCold    . . .     Faith    .   (no shield)
rNeg     + . .     Spirit   .   p - +1 troll leather armour
rPois    .         Reflect  .   (helmet restricted)
rElec    .         Harm     .   (no cloak)
rCorr    .         Rampage  .   (gloves unavailable)
Will     .....                  (boots unavailable)
Stlth    +.........             (no amulet)
HPRegen  2.18/turn              g - +6 ring of intelligence
MPRegen  0.10/turn              h - ring of positive energy

@: hasted, heavily drained, very quick
A: large, unfitting armour, claws 3, regeneration 1, shaggy fur 1, tough skin 1
a: no special abilities


You were on level 3 of the Dungeon.
You visited 1 branch of the dungeon, and saw 4 of its levels.

You collected 194 gold pieces.

Inventory:

Missiles
 c - 5 large rocks (quivered)
 d - 2 throwing nets
Armour
 p - a +1 troll leather armour (worn)
Jewellery
 b - an amulet of faith
 g - a +6 ring of intelligence (left claw)
 h - a ring of positive energy (right claw)
 k - a ring of fire
 l - a ring of fire
Wands
 r - a wand of flame (17)
Scrolls
 m - 2 scrolls of teleportation
 o - a scroll of magic mapping
Potions
 e - a potion of mutation {unknown}
 f - a potion of haste
 i - a potion of brilliance {unknown}
 j - a potion of berserk rage {unknown}
 s - a potion of cancellation {unknown}


   Skills:
 - Level 1.5 Fighting
 - Level 3.6 Throwing
 - Level 1.5 Dodging
 - Level 0.3 Stealth
 * Level 7.3 Unarmed Combat


You had 6 spell levels left.
You didn't know any spells.
Your spell library was empty.

Dungeon Overview and Level Annotations

Branches:
Dungeon (4/15)
 Temple: D:4-7

Altars:
Kikubaaqudgha

Shops:
D:1 (

Annotations:
D:4 1 runed translucent door


Innate Abilities, Weirdness & Mutations

You are too large for most types of armour.
You have claws for hands.
Your natural rate of healing is unusually fast.
You are covered in fur. (AC +1)
You have tough skin. (AC +1)


Message History

You claw the jackal!
You kill the jackal!
No target in view!
No target in view!
No target in view!
You start resting.
HP restored.
You climb downwards.
Level annotation: 1 runed translucent door The wight barely misses you.
There is a stone staircase leading up, spattered with blood here.
The wight hits you with a +5 halberd. You partially resist.
You feel drained. The wight hits you with a +0 trident!
There is a stone staircase leading up, spattered with blood here.
The wight hits you from afar with a +5 trident!
The wight hits you with a +0 trident!
You climb upwards.
There is a stone staircase leading down here.
You scratch the wight but do no damage. The wight hits you with a +5 halberd!
You partially resist.
You feel drained.
You claw the wight!
The wight is severely damaged.
The wight hits you with a +0 trident!
* * * LOW HITPOINT WARNING * * *
The wight hits you with a +5 halberd.
* * * LOW HITPOINT WARNING * * *
You partially resist.
You feel drained.
You feel better. The wight barely misses you.
The wight hits you with a +5 halberd.
* * * LOW HITPOINT WARNING * * *
You feel yourself speed up. The wight hits you with a +0 trident.
* * * LOW HITPOINT WARNING * * *
The wight closely misses you.
You closely miss the wight. The wight hits you with a +0 trident!
* * * LOW HITPOINT WARNING * * *
You partially resist.
You feel drained.
You scratch the wight.
The wight is moderately damaged.
The wight hits you with a +5 halberd!
You die...

#.######..####.#)# #.#
#.# #.#
#)#............#.# #.#
#.###.#
#.#......####..#.# #.#
#.....#
#....###....#..#.# #.#
#######
###..#...##.#....# #.#
###..#....#.#....# #.#
.)......_........####.#
###.#.#.^..#†.#z†[..#.#
#.#.##...#....@##.#.#
##.#...[###..#z###...#
#..####......#.# #####
#............#.#
#.#####.######.# #.#
#.# #.# #.# #.######.#
#.# #...†..#.# #.#
###.##.#.#


You could see 2 wights.

Vanquished Creatures
  A black bear (D:4)
  A wight (D:3)
  A hound (D:4)
  A gnoll shaman (D:3)
  3 orc priests (D:3)
  Natasha (thrice) (D:3)
  3 adders
  3 gnolls (D:3)
  A worm (D:3)
  An adder skeleton (D:4)
  18 orcs
  7 endoplasms
  5 giant cockroaches
  6 goblins
  5 hobgoblins
  2 jackals (D:3)
  3 kobolds
  3 quokkas
  8 ball pythons
  3 bats
  5 frilled lizards
  9 rats
92 creatures vanquished.

Notes
Turn   | Place    | Note
-------+----------+-------------------------------------------
     0 | D:1      | HoaS the Troll Hunter began the quest for the Orb.
     0 | D:1      | Reached XP level 1. HP: 19/19 MP: 0/0
    70 | D:1      | Reached skill level 1 in Unarmed Combat
   143 | D:1      | Reached XP level 2. HP: 27/27 MP: 1/1
   247 | D:1      | Found Keolueb's Weapon Emporium.
   263 | D:1      | Found a faded altar of an unknown god.
   301 | D:1      | Reached skill level 2 in Unarmed Combat
  1014 | D:2      | Reached XP level 3. HP: 29/33 MP: 2/2
  1171 | D:2      | Reached skill level 3 in Unarmed Combat
  1434 | D:3      | Found an ancient bone altar of Kikubaaqudgha.
  1485 | D:3      | Reached XP level 4. HP: 40/41 MP: 3/3
  1501 | D:3      | Noticed Natasha
  1512 | D:3      | Killed Natasha
  1513 | D:3      | Reached skill level 4 in Unarmed Combat
  1593 | D:3      | Reached XP level 5. HP: 23/48 MP: 4/4
  1628 | D:3      | Reached skill level 5 in Unarmed Combat
  1986 | D:3      | Noticed Natasha
  1990 | D:3      | Killed Natasha
  1991 | D:3      | Reached XP level 6. HP: 53/55 MP: 5/5
  2138 | D:3      | Reached skill level 6 in Unarmed Combat
  2194 | D:4      | Found a runed translucent door.
  2275 | D:3      | Noticed Natasha
  2284 | D:3      | Killed Natasha
  2285 | D:3      | Reached skill level 7 in Unarmed Combat
  2300 | D:3      | Reached XP level 7. HP: 44/62 MP: 6/6
  2320 | D:3      | Slain by a wight

Illustrated notes

Levels and vault maps discovered:
D:1:      evilmike_arrival_fibonacci_small, layout_basic,
          hellmonk_ecumenical_altar_slurped_away, serial_shops, shop,
          palyth_stone_intersect
D:2:      layout_basic
D:3:      layout_basic, nicolae_overflow_crystal_walls, uniq_natasha
D:4:      layout_rooms, yredelemnul_forgotten_temple_becter,
          lemuel_coloured_pillars_altar, ebering_ghost_sewer_d,
          hangedman_abyss_or_decor_passed

Skill      XL: |  1  2  3  4  5  6 |
---------------+-------------------+-----
Unarmed Combat | 1 2 3 4 5 7 |  7.3
Fighting       | |  1.5
Throwing       | |  3.6
Dodging        | |  1.5
Stealth        | |  0.3

Action                   |  1- 3 |  4- 6 |  7- 9 || total
-------------------------+-------+-------+-------++-------
Melee: Unarmed           |   116 |   130 |     5 ||   251
       Short sword       |     1 |       |       ||     1
       Punch             |       |     6 |       ||     6
  Use: Scroll            |     1 |     7 |       ||     8
       Potion            |       |       |     2 ||     2
 Stab: Sleeping          |     2 |     1 |       ||     3
Armor: Robe              |    37 |    15 |       ||    52
       Troll leather arm |       |    16 |       ||    16
Dodge: Dodged            |    42 |    53 |     3 ||    98

Table legend: (Time is in decaauts)
 A = Elapsed time spent in this place.
 B = Non-inter-level travel time spent in this place.
 C = Inter-level travel time spent in this place.
 D = Time resting spent in this place.
 E = Time spent auto-exploring this place.
 F = Levels seen in this place.
 G = Mean time per level.
                   A        B        C        D        E       F      G
               +--------+--------+--------+--------+--------+-----+--------+
         Total |   2301 |   2133 |    168 |     27 |   1498 |   4 |  575.2 |
       Dungeon |   2301 |   2133 |    168 |     27 |   1498 |   4 |  575.2 |
               +--------+--------+--------+--------+--------+-----+--------+

Top non-repeatable levels by time:
     D:1: 977 daAuts
     D:3: 804 daAuts
     D:2: 416 daAuts
     D:4: 103 daAuts
